 Dungeon Crawl Stone Soup version 0.28.0-45-g0d030f2227 (webtiles) character file.

Game seed: 12359487571179020767

25062 Bruhh the Thaumaturge (level 13, -13/106 HPs)
             Began as a Djinni Conjurer on Apr 23, 2022.
             Was a Priest of Ashenzari.
             Mangled by a boulder beetle (25 damage)
             ... on level 5 of the Lair of Beasts on Apr 24, 2022.
             The game lasted 01:00:15 (22423 turns).

Bruhh the Thaumaturge (Djinni Conjurer)            Turns: 22423, Time: 01:00:15

Health: -13/106    AC:  5    Str:  8    XL:     13   Next: 47%
Gold:   841        EV: 15    Int: 24    God:    Ashenzari [***...] SH:  0 Dex: 11

rFire   + + .      SeeInvis +   l - +1 dagger of Ashenzari's Sorrow {holy, Melee, Fort} (curse)
rCold   + . .      Faith    .   (no shield)
rNeg    . . .      Spirit   .   o - +2 robe "Cursed Cynicism" {Drain Fly rC++ Str+2, Evo, Cun} (curse)
rPois   ∞          Reflect  .   (no helmet)
rElec   .          Harm     .   (no cloak)
rCorr   +          Rampage  .   (no gloves)
Will    +....      Clarity  +   (boots unavailable)
Stlth   ++........              (no amulet)
HPRegen 0.27/turn               c - ring of Ashenzari's Prison {rCorr, Cun, Self} (curse)
MPRegen 0.00/turn               p - ring of the Revealing God {rCorr, Self, Evo} (curse)

@: flying, studying Stealth
A: sickness immunity, fire resistance 2, cold vulnerability 1, float, innate
caster, HP casting, extra vitality 1, clarity, clumsy 1, shaggy fur 1
a: Renounce Religion, Curse Item, Shatter the Chains


You were on level 5 of the Lair of Beasts.
You worshipped Ashenzari.
Ashenzari was most pleased with you.
You visited 3 branches of the dungeon, and saw 14 of its levels.

You collected 841 gold pieces.

Inventory:

Hand Weapons
 l - the cursed +1 dagger of Ashenzari's Sorrow (weapon) {holy, Melee, Fort}
   (You took it off a kobold on level 3 of the Dungeon)

   It has been blessed by the Shining One to cause great damage to the undead
   and demons.
   It has a curse which improves the following skills: Melee Combat: Short
   Blades, Long Blades, Axes, Maces & Flails, Polearms, Staves and Unarmed
   Combat.
   Fortitude: Armour and Shields.
 s - a +4 spear
 x - a +2 spectral quarterstaff
 F - a +2 trident of venom
Missiles
 G - a throwing net
Armour
 a - a +0 robe
 o - the cursed +2 robe "Cursed Cynicism" (worn) {Drain Fly rC++ Str+2, Evo, Cun}
   (You found it on level 7 of the Dungeon)

   Str:       It affects your strength (+2).
   rC:        It greatly protects you from cold.
   Fly:       It grants you flight.
   Drain:     It drains your maximum health when unequipped.
   It has a curse which improves the following skills: Evocations: Evocations.
   Cunning:   Dodging and Stealth.
Jewellery
 c - the cursed ring of Ashenzari's Prison (left hand) {rCorr, Cun, Self}
   (You found it on level 1 of the Dungeon)

   [ring of resist corrosion]

   rCorr:     It protects you from acid and corrosion.
   It has a curse which improves the following skills: Cunning: Dodging and
   Stealth.
   Introspection: Fighting and Spellcasting.
 p - the cursed ring of the Revealing God (right hand) {rCorr, Self, Evo}
   (You found it on level 5 of the Dungeon)

   [ring of resist corrosion]

   rCorr:     It protects you from acid and corrosion.
   It has a curse which improves the following skills: Introspection: Fighting
   and Spellcasting.
   Evocations: Evocations.
 t - a ring of protection from fire
 y - a +6 ring of intelligence
 E - a +6 ring of dexterity
Wands
 u - a wand of iceblast (8)
 A - a wand of digging (7)
 C - a wand of flame (14)
 D - a wand of mindburst (10)
Scrolls
 b - 3 scrolls of vulnerability
 d - 4 scrolls of enchant weapon
 e - a scroll of immolation
 g - 3 scrolls of teleportation
 h - 8 scrolls of identify
 i - 4 scrolls of fog
 m - a scroll of noise
 n - 4 scrolls of magic mapping
 q - a scroll of enchant armour
 v - 2 scrolls of fear
Potions
 f - 8 potions of curing
 j - 2 potions of flight
 k - 4 potions of might
 r - a potion of invisibility
 w - a potion of brilliance
 z - 3 potions of cancellation


   Skills:
 * Level 12.2(14.6) Fighting
 - Level 7.5(10.0) Dodging
 - Level 1.5(3.2) Stealth
 - Level 12.9(15.2) Spellcasting
 - Level 5.6(8.1) Evocations


You had 10 spell levels left.
You knew the following spells:

 Your Spells              Type           Power      Damage    Failure   Level
a - Magic Dart            Conj           100%       1d8       0%          1
b - Searing Ray           Conj           100%       2d8       0%          2
c - Dazzling Flash        Conj/Hex       100%       N/A       1%          3
d - Fulminant Prism       Conj/Hex       37%        3d18      1%          4
e - Iskenderun's Mystic   Conj/Tloc      75%        2d15      1%          4
f - Summon Small Mammal   Summ           100%       N/A       0%          1
g - Call Imp              Summ           75%        N/A       0%          2
h - Gell's Gravitas       Tloc           75%        N/A       1%          3
i - Ignite Poison         Fire/Tmut/Pois 75%        N/A       1%          3
j - Summon Ice Beast      Ice/Summ       75%        N/A       1%          4
k - Metabolic Englaciati  Hex/Ice        37%        N/A       1%          5
Your spell library was empty.

Dungeon Overview and Level Annotations

Branches:
Dungeon (8/15)             Temple (1/1) D:5            Lair (5/6) D:8
 Shoals (0/4) Lair:4       Spider (0/4) Lair:2
  Slime: Lair:5-6

Altars:
Ashenzari
Cheibriados
Dithmenos
Elyvilon
Fedhas
Gozag
Hepliaklqana
Kikubaaqudgha
Makhleb
Nemelex Xobeh
Okawaru
Qazlal
Sif Muna
Trog
Uskayaw
Vehumet
Wu Jian
Xom
Yredelemnul
Zin
The Shining One
Jiyva

Shops:
D:2 (

Annotations:
D:8 2 runed translucent doors, mistmaker's ghost, novice TeAE
Lair:5 exclusion: oklob plant


Innate Abilities, Weirdness & Mutations

You are immune to sickness and miasma.
You are immune to poison.
Your flesh is very heat resistant. (rF++)
You are vulnerable to cold. (rC-)
You float through the air rather than walking.
You learn spells naturally, not from books.
Your magical power is your life essence.
You have superior vitality. (+4 MHP)
You possess an exceptional clarity of mind.
You are clumsy. (Dex -2)
You are covered in fur. (AC +1)


Message History

The boulder beetle is knocked back by the mystic blast.
* * * LOW HITPOINT WARNING * * *
Your ice beast completely misses the boulder beetle.
Casting: Iskenderun's Mystic Blast (safe; 1% risk of failure)
Confirm with . or Enter, or press ? or * to list all spells.
You erupt in a blast of force!
The mystic blast hits the fungus.
The fungus begins to die.
The fungus is lightly damaged.
The mystic blast hits the boulder beetle.
The boulder beetle is moderately wounded.
The boulder beetle is knocked back by the mystic blast.
The boulder beetle collides with your ice beast!
Your ice beast is moderately wounded.
* * * LOW HITPOINT WARNING * * *
Your ice beast disappears in a puff of smoke!
Casting: Iskenderun's Mystic Blast (safe; 1% risk of failure)
Confirm with . or Enter, or press ? or * to list all spells.
You erupt in a blast of force!
The mystic blast hits the fungus!
The fungus is lightly damaged.
The mystic blast hits the boulder beetle.
The boulder beetle is moderately wounded.
The boulder beetle is knocked back by the mystic blast.
* * * LOW HITPOINT WARNING * * *
A nearby fungus withers and dies.
You feel much better.
Casting: Iskenderun's Mystic Blast (safe; 1% risk of failure)
Confirm with . or Enter, or press ? or * to list all spells.
You erupt in a blast of force!
The mystic blast hits the boulder beetle!
The boulder beetle is moderately wounded.
The boulder beetle is knocked back by the mystic blast.
Unknown command.
Casting: Iskenderun's Mystic Blast (safe; 1% risk of failure)
Confirm with . or Enter, or press ? or * to list all spells.
Okay, then.
The boulder beetle bites you. The boulder beetle bites you!!
* * * LOW HITPOINT WARNING * * *
The boulder beetle bites you!!
You die...

#.##.#.....##..............
###.#........P#........♣.♣.♣.
#......#.....................
##P..#..#.....##.......♣.♣.♣.
##..P.#...#.....#.............
#.#).P...##....#..............
##....P..............##.......
#...................###.......
#............@#.#.....°.......
##.....♣.♣....B#..............
##.....♣.♣....##..............
#......♣.♣.....##......$......
#......♣.♣....####...##.......
#......♣.♣.....##.....##......
##..†..♣.♣....####...#.#......
#......♣.♣.....##....##.......
#......♣.♣............#.......


You could see a boulder beetle.

Vanquished Creatures
  Erica (D:8)
  4 hydras
  4 death yaks (Lair:5)
  Pikel (D:5)
  A cyclops (D:6)
  A merfolk siren (Lair:4)
  2 torpor snails (Lair:5)
  5 cane toads
  2 rime drakes
  8 komodo dragons
  3 merfolk (Lair:4)
  A polar bear (Lair:4)
  Grinder (D:4)
  3 blink frogs (Lair:1)
  A wyvern (Lair:2)
  30 yaks
  2 redbacks (Lair:2)
  2 basilisks
  2 humans (D:8)
  A steam dragon (D:8)
  Menkaure (D:4)
  13 water moccasins
  3 orc warriors (D:8)
  2 ice beasts
  A hornet zombie (D:7)
  2 sky beasts
  4 black bears
  A necrophage (D:6)
  8 ogres
  13 wolves
  2 centaurs
  2 scorpions
  10 bullfrogs
  A gnoll sergeant (D:7)
  3 wights (D:8)
  4 hounds
  4 bullfrog zombies
  A jelly (D:5)
  A gnoll shaman (D:4)
  5 orc priests
  A bullfrog skeleton (D:7)
  3 iguanas
  5 orc wizards
  A hound skeleton (D:5)
  5 adders
  9 gnolls
  5 white imps
  3 ufetubi
  2 worms (D:2)
  3 dart slugs
  15 orcs
  13 ball pythons
  5 endoplasms
  5 giant cockroaches
  3 goblins
  6 hobgoblins
  7 jackals
  4 quokkas
  7 bats
  4 frilled lizards
  5 kobolds
  6 rats
273 creatures vanquished.

Vanquished Creatures (collateral kills)
  2 cane toads (Lair:4)
  Grum (D:8)
  A centaur zombie (D:8)
  An orc priest (D:8)
  An orc wizard (D:8)
  2 endoplasms (D:2)
8 creatures vanquished.

Vanquished Creatures (others)
  97 fulminant prisms
  26 fungi
  55 plants
178 creatures vanquished.

Grand Total: 459 creatures vanquished

Notes
Turn   | Place    | Note
-------+----------+-------------------------------------------
     0 | D:1      | Bruhh the Djinni Conjurer began the quest for the Orb.
     0 | D:1      | Reached XP level 1. HP: 15/15 MP: 0/0
   149 | D:1      | Reached XP level 2. HP: 14/21 MP: 0/0
   495 | D:1      | Reached XP level 3. HP: 23/25 MP: 0/0
   495 | D:1      | Learned a level 1 spell: Summon Small Mammal
  1471 | D:1      | Reached XP level 4. HP: 28/31 MP: 0/0
  2161 | D:2      | Found Mynnesiu's Weapon Emporium.
  2212 | D:2      | Reached XP level 5. HP: 33/35 MP: 0/0
  2212 | D:2      | Learned a level 2 spell: Call Imp
  3084 | D:2      | Found a faded altar of an unknown god.
  3143 | D:3      | Reached skill level 5 in Spellcasting
  3387 | D:3      | Found a shimmering altar of Xom.
  3387 | D:3      | Found a broken altar of Ashenzari.
  3404 | D:3      | Became a worshipper of Ashenzari the Shackled
  3719 | D:3      | Reached XP level 6. HP: 33/40 MP: 0/0
  3849 | D:3      | Found a shadowy altar of Dithmenos.
  3992 | D:4      | Noticed Menkaure
  3997 | D:4      | Killed Menkaure
  4095 | D:4      | Noticed an ogre
  4099 | D:4      | Found a glowing golden altar of the Shining One.
  4100 | D:4      | Killed an ogre
  4101 | D:4      | Reached XP level 7. HP: 38/45 MP: 0/0
  4101 | D:4      | Learned a level 3 spell: Gell's Gravitas
  4121 | D:4      | Noticed Grinder
  4182 | D:4      | Paralysed by Grinder for 3 turns
  4216 | D:5      | Entered Level 5 of the Dungeon
  4646 | D:5      | Found a staircase to the Ecumenical Temple.
  4657 | Temple   | Entered the Ecumenical Temple
  4886 | D:5      | Reached XP level 8. HP: 31/50 MP: 0/0
  5150 | D:5      | Noticed Pikel
  5159 | D:5      | Killed Pikel
  5436 | D:5      | Reached XP level 9. HP: 51/55 MP: 0/0
  5436 | D:5      | Learned a level 3 spell: Ignite Poison
  5436 | D:5      | Reached * piety under Ashenzari
  5819 | D:5      | Reached skill level 1 in Fighting
  6228 | D:4      | Paralysed by Grinder for 2 turns
  6231 | D:4      | Killed Grinder
  6632 | D:4      | Gained mutation: You have a beak for a mouth. [potion of
                  | mutation]
  6632 | D:4      | Gained mutation: You are dopey. (Int -2) [potion of
                  | mutation]
  6632 | D:4      | Gained mutation: You have a pair of small horns on your
                  | head. [potion of mutation]
  6633 | D:4      | Lost mutation: You have a pair of small horns on your head.
                  | [potion of mutation]
  6633 | D:4      | Lost mutation: You are dopey. (Int -2) [potion of mutation]
  6633 | D:4      | Lost mutation: You have a beak for a mouth. [potion of
                  | mutation]
  6633 | D:4      | Gained mutation: You possess an exceptional clarity of
                  | mind. [potion of mutation]
  6633 | D:4      | Gained mutation: You are clumsy. (Dex -2) [potion of
                  | mutation]
  6633 | D:4      | Gained mutation: You are covered in fur. (AC +1) [potion of
                  | mutation]
  6689 | D:4      | Found a blossoming altar of Fedhas.
  7161 | D:6      | Noticed a cyclops
  7175 | D:6      | Killed a cyclops
  7176 | D:6      | Reached skill level 5 in Fighting
  8083 | D:6      | Reached XP level 10. HP: 5/76 MP: 0/0
  8083 | D:6      | Reached ** piety under Ashenzari
  8792 | D:6      | Reached skill level 10 in Spellcasting
  9168 | D:6      | Found a sparkling altar of Nemelex Xobeh.
  9671 | D:7      | Found a hide-covered altar of Uskayaw.
  9911 | D:7      | Identified the +2 robe of the Moon Troll {Drain Fly rC++
                  | Str+2}
 10690 | D:7      | Reached *** piety under Ashenzari
 11000 | D:7      | Reached skill level 5 in Dodging
 11219 | D:7      | Found an ornate altar of the Wu Jian Council.
 11307 | D:8      | Noticed Erica
 11316 | D:8      | Killed Erica
 11336 | D:8      | Reached XP level 11. HP: 39/84 MP: 0/0
 11336 | D:8      | Learned a level 4 spell: Summon Ice Beast
 11886 | D:8      | Noticed Grum
 11894 | D:8      | Killed Grum
 12278 | D:8      | Found a large runed translucent door.
 12278 | D:8      | Found a large runed translucent door.
 12282 | D:8      | Noticed mistmaker's ghost (novice TeAE)
 12676 | D:8      | Found a staircase to the Lair.
 12729 | D:8      | Found an iron altar of Okawaru.
 12944 | Lair:1   | Entered Level 1 of the Lair of Beasts
 12982 | Lair:1   | Reached skill level 1 in Evocations
 13770 | Lair:1   | Reached skill level 5 in Evocations
 14611 | Lair:2   | Noticed a six-headed hydra
 14621 | Lair:2   | Killed a six-headed hydra
 14622 | Lair:2   | Reached XP level 12. HP: 42/94 MP: 0/0
 15589 | Lair:2   | Found a hole to the Spider Nest.
 17316 | Lair:4   | Noticed an eight-headed hydra
 17323 | Lair:4   | Killed an eight-headed hydra
 18225 | Lair:4   | Noticed a five-headed hydra
 18233 | Lair:4   | Killed a five-headed hydra
 18874 | Lair:4   | Reached XP level 13. HP: 85/100 MP: 0/0
 18874 | Lair:4   | Learned a level 5 spell: Metabolic Englaciation
 18963 | Lair:4   | Identified the +8 quarterstaff of Piluoff {freeze, rF++
                  | MP+9 Str+4 SInv}
 19037 | Lair:4   | Reached skill level 10 in Fighting
 19863 | Lair:4   | Found a staircase to the Shoals.
 20104 | Lair:5   | Noticed a four-headed hydra
 20117 | Lair:4   | Killed a four-headed hydra
 22379 | Lair:5   | Noticed a boulder beetle
 22423 | Lair:5   | Mangled by a boulder beetle

Illustrated notes

Levels and vault maps discovered:
D:1:      noname_arrival_rooms_in_the_neighbourhood, layout_loops_corners,
          minmay_stone_trees_small
D:2:      layout_basic, serial_shops, nicolae_shop_bloodbath_and_beyond,
          dreamdust_ecumenical_altar_hidden_monk_grotto
D:3:      layout_basic, grunt_dithmenos_smoke,
          chequers_temple_overflow_statue_of_worship
D:4:      layout_gridville, mainiacjoe_overflow_small_starburst,
          mainiacjoe_overflow_alcove_1, nicolae_underground_beach,
          uniq_menkaure, uniq_grinder
D:5:      layout_loops_ring, minmay_temple_entry_grid, uniq_pikel
D:6:      layout_rooms, lemuel_blue_sif_altar, mainiacjoe_overflow_tiny_flanked,
          nemelex_xobeh_ov_fountains_minmay, enter_ossuary_3
D:7:      layout_loops_corners, pdpol_wu_jian_five_deadly_venoms,
          nicolae_uskayaw_dance_hall
D:8:      layout_loops_ring, kennysheep_mini, okawaru_humans, lair_entry_dummy,
          ebering_ghost_disaster_area, uniq_erica, uniq_grum
Temple:   pf_slime_end_temple
Lair:1:   layout_regular_city
Lair:2:   layout_chaotic_city, spider_nest_entry_webs
Lair:3:   layout_layer_cave, nicolae_quartered_pool_super, beast_lair_carwin_5
Lair:4:   layout_regular_city, elwin_shoals_entry_stream
Lair:5:   layout_small_grid, serial_forest, infiniplex_forest_straight_3,
          infiniplex_forest_clump_long, infiniplex_forest_diagonal,
          infiniplex_forest_straight_2, infiniplex_forest_pool,
          infiniplex_forest_lined_room_2, infiniplex_forest_lined_3,
          infiniplex_forest_lined_4_way, infiniplex_forest_lined_room_2,
          uniq_sonja

Skill      XL: |  1  2  3  4  5  6  7  8  9 10 11 12 13 |
---------------+----------------------------------------+-----
Spellcasting   | 4 5 6 7 8 9 10 12 | 12.9
Fighting       | 6 9 12 | 12.2
Dodging        | 7 |  7.5
Evocations     | 5 |  5.6
Stealth        | |  1.5

Action                   |  1- 3 |  4- 6 |  7- 9 | 10-12 | 13-15 || total
-------------------------+-------+-------+-------+-------+-------++-------
Melee: Dagger            |       |       |     4 |    38 |     7 ||    49
 Cast: Magic Dart        |    73 |    97 |    43 |    71 |       ||   284
       Call Imp          |       |     5 |       |     2 |       ||     7
       Searing Ray       |       |     3 |    37 |    15 |     1 ||    56
       Fulminant Prism   |       |     2 |    27 |    58 |    10 ||    97
       Gell's Gravitas   |       |       |     2 |       |       ||     2
       Iskenderun's Myst |       |       |     2 |   113 |    46 ||   161
       Dazzling Flash    |       |       |       |     2 |       ||     2
       Summon Ice Beast  |       |       |       |    10 |     4 ||    14
       Metabolic Englaci |       |       |       |       |     2 ||     2
Invok: Curse Item        |       |       |     2 |     2 |       ||     4
  Use: Potion            |       |       |     3 |     1 |     2 ||     6
       Scroll            |       |       |     1 |       |       ||     1
 Stab: Sleeping          |       |       |       |     1 |       ||     1
Armor: Robe              |     1 |     1 |     8 |    15 |     4 ||    29
Dodge: Dodged            |     7 |     5 |    29 |    66 |    15 ||   122
